 Dungeon Crawl Stone Soup version 0.29.1-2-gbd0b4ee654 (webtiles) character file.

Game seed: 7898888314176631276

39 GorkyZ the Magician (level 3, -5/19 HPs)
             Began as a Deep Elf Air Elementalist on Nov 18, 2022.
             Slain by a worm (9 damage)
             ... on level 2 of the Dungeon.
             The game lasted 00:04:40 (1357 turns).

GorkyZ the Magician (Deep Elf Air Elementalist)     Turns: 1357, Time: 00:04:41

Health: -5/19      AC:  2    Str:  5    XL:     3   Next: 28%
Magic:  1/9        EV: 13    Int: 21    God:
Gold:   28         SH:  0    Dex: 15    Spells: 7/8 levels left

rFire   . . .      SeeInvis .   (no weapon)
rCold   . . .      Faith    .   (no shield)
rNeg    . . .      Spirit   .   a - +0 robe
rPois   .          Reflect  .   (no helmet)
rElec   .          Harm     .   (no cloak)
rCorr   .          Rampage  .   (no gloves)
Will    .....                   (no boots)
Stlth   ++........              (no amulet)
HPRegen 0.06/turn               (no ring)
MPRegen 0.11/turn               (no ring)

@: no status effects
A: no striking features
a: no special abilities


You were on level 2 of the Dungeon.
You visited 1 branch of the dungeon, and saw 2 of its levels.

You collected 28 gold pieces.

Inventory:

Armour
 a - a +0 robe (worn)
Jewellery
 h - an amulet of reflection
Scrolls
 e - a scroll of teleportation {unknown}
 f - a scroll of immolation {unknown}
 g - 3 scrolls of identify {unknown}
Potions
 b - a potion of magic
 c - 2 potions of ambrosia {unknown}
 d - 2 potions of curing {unknown}


   Skills:
 + Level 2.9 Dodging
 - Level 2.4 Stealth
 + Level 3.3 Spellcasting
 + Level 1.4 Conjurations
 + Level 0.8 Summonings
 + Level 1.1 Translocations
 + Level 3.2 Air Magic
 + Level 1.1 Poison Magic


You had 7 spell levels left.
You knew the following spells:

 Your Spells              Type           Power      Damage    Failure   Level
a - Shock                 Conj/Air       52%        1d6       4%          1

Your spell library contained the following spells:

 Spells                   Type           Power      Damage    Failure   Level
 Static Discharge         Conj/Air       13%        3-5/arc   8%          2
 Swiftness                Air            17%        N/A       10%         3
 Airstrike                Air            8%         2d(2-18)  32%         4


Dungeon Overview and Level Annotations

Branches:
Dungeon (1/15)

Altars:


Message History

Your magical contamination has completely faded away.
There are no items here.
Found a stone.
You see here a scroll labelled NIBUOJI HENOLU.
The zap hits the worm.
The worm is lightly wounded.
The zap hits the worm.
The worm is lightly wounded.
The zap hits the worm.
The worm is heavily wounded.
The zap hits the worm.
The worm is heavily wounded.
The zap hits the worm.
The worm is severely wounded.
The worm bites you!
The zap hits the worm.
The worm is severely wounded.
The zap hits the worm.
The worm is almost dead.
The worm closely misses you.
You are out of magic!
Found 3 gold pieces.
The worm bites you!
* * * LOW HITPOINT WARNING * * *
You see here a jackal corpse.
A worm is nearby!
A worm is nearby!
You start resting.
A worm is nearby!
You are too injured to fight recklessly!
Aiming: Shock (safe; 4% risk of failure)
Press: ? - help, Q - select action Shift-Dir - straight line, f/p - worm
Aim: a worm (moderately wounded, 89% to hit)
The zap hits the worm.
The worm is heavily wounded.
You don't have enough magic to cast this spell.
A hobgoblin, a rat and a quokka come into view.
Found a whip.
Found a stone staircase leading down.
The worm bites you!
You die...

+......w†..#
#8.##..##### #..##
#.## #.# ##.# ##..#
######w.######
#....@.......#
#.....+########'.#
#..#..#........#.#
.......#.'####'.#.#
. ....g#.#....#.#.#
...>).r#(#.##.#.#.#
....r..#.#.##.#.#.#
.......#.#....#.#.#
#.+####+.#.#


You could see a worm.

Vanquished Creatures
  A dart slug (D:1)
  2 endoplasms
  A giant cockroach (D:2)
  3 goblins (D:1)
  2 hobgoblins (D:1)
  8 jackals
  3 kobolds (D:1)
  6 ball pythons
  3 bats (D:1)
  2 frilled lizards (D:1)
  2 rats (D:1)
33 creatures vanquished.

Notes
Turn   | Place    | Note
-------+----------+-------------------------------------------
     0 | D:1      | GorkyZ the Deep Elf Air Elementalist began the quest for
                  | the Orb.
     0 | D:1      | Reached XP level 1. HP: 10/10 MP: 6/6
   237 | D:1      | Reached XP level 2. HP: 15/15 MP: 6/8
   746 | D:1      | Reached skill level 1 in Translocations
   810 | D:1      | Reached skill level 1 in Poison Magic
  1023 | D:1      | Reached XP level 3. HP: 19/19 MP: 7/9
  1082 | D:1      | You fall into a shaft and drop 1 floor!
  1357 | D:2      | Slain by a worm

Illustrated notes

Levels and vault maps discovered:
D:1:      dpeg_arrival_shrine, layout_basic
D:2:      layout_rooms, dreamdust_ecumenical_altar_angels_and_demons,
          minivault_11

Skill      XL: |  1  2 |
---------------+-------+-----
Translocations | 1 |  1.1
Poison Magic   | 1 |  1.1
Dodging        | |  2.9
Stealth        | |  2.4
Spellcasting   | |  3.3
Conjurations   | |  1.4
Summonings     | |  0.8
Air Magic      | |  3.2

Action                   || total
-------------------------++-------
Melee: Unarmed           ||    23
 Cast: Shock             ||    76
Armor: Robe              ||     6
Dodge: Dodged            ||    25
